Maple Leafs vs Ducks

Created - 27 décembre 2019 at 11:13

Goals
1 2 3 T
Maple Leafs 0 1 0 1
Ducks 0 2 0 2
Shots
1 2 3 T
Maple Leafs 8 14 19 41
Ducks 12 16 19 47

1st period

No Goal

Penalties :
No Penalty

2nd period

1. Maple Leafs , Mattias Janmark 2 (Kaapo Kakko 2, Jake Debrusk 12) at 1:39
2. Ducks , Jean-Gabriel Pageau 8 (Deryk Engelland 10, Jacob Markstrom) at 11:11
3. Ducks , Jordan Staal 10 (Alexander Edler 13) at 11:42

Penalties :
Ben Hutton (TOR) for Interference (Minor) at 18:56

3rd period

No Goal

Penalties :
Patrik Laine (ANA) for Holding (Minor) at 10:44

Goalie Stats

Petr Mrazek (TOR), 45 saves from 47 shots - (0,957), L, 9-7-1, 59:06 minutes
Jacob Markstrom (ANA), 40 saves from 41 shots - (0,976), W, 17-8-2, 60:00 minutes

Players Stats for Maple Leafs

Player Name              G  A  P  +/- PIM S  H  SB GA TA FO     MP     PP MP  PK MP  
------------------------------------------------------------------------------------
Alex Iafallo             0  0  0  -1  0   2  0  1  0  0  1/1     7:07   0:00   0:00 
Andrei Svechnikov        0  0  0  -1  0   2  2  2  0  0  1/3    20:54   0:00   0:12 
Ben Hutton               0  0  0  -1  2   2  2  1  1  2  0/0    22:26   0:00   0:00 
Bobby Ryan               0  0  0   0  0   1  2  0  0  1  4/17   15:48   0:55   0:00 
Dmitry Kulikov           0  0  0  -1  0   0  1  3  0  0  0/0    16:09   0:00   0:00 
Hampus Lindholm          0  0  0  -1  0   1  4  2  0  2  0/0    26:12   0:55   1:59 
Ilya Kovalchuk           0  0  0   0  0   3  1  0  0  0  0/0    17:25   0:00   0:19 
Jake Debrusk             0  1  1   0  0   2  3  0  0  0  0/0    17:53   1:04   0:00 
Jesper Bratt             0  0  0   0  0   0  0  0  0  0  0/0     2:12   0:55   0:19 
Kaapo Kakko              0  1  1   0  0   3  1  0  0  0  0/0    16:34   0:00   0:00 
Logan Couture            0  0  0   0  0   2  3  0  0  1  9/23   20:44   1:04   1:28 
Mattias Janmark          1  0  1   0  0   3  1  0  1  1  3/11   16:02   0:00   0:00 
Michael McCarron         0  0  0  -1  0   0  0  0  0  0  3/4     6:36   0:00   0:00 
Mike Hoffman             0  0  0   0  0   8  1  0  1  0  0/1    20:44   1:04   1:28 
Mikhail Sergachev        0  0  0   1  0   4  1  1  0  2  0/0    20:31   1:04   1:59 
Nikolaj Ehlers           0  0  0   0  0   6  1  0  1  1  0/2    16:00   0:55   0:12 
Travis Dermott           0  0  0  -1  0   1  1  2  0  2  0/0    17:13   1:04   0:00 
Troy Stecher             0  0  0   1  0   1  3  1  0  0  0/0    17:30   0:55   0:00 

Players Stats for Ducks

Player Name              G  A  P  +/- PIM S  H  SB GA TA FO     MP     PP MP  PK MP  
------------------------------------------------------------------------------------
Alexander Edler          0  1  1   1  0   2  2  2  1  0  0/0    26:55   1:35   1:09 
Craig Smith              0  0  0  -1  0   5  3  0  1  0  0/0    11:39   0:00   0:06 
David Perron             0  0  0   0  0   4  1  0  1  0  1/2    21:27   1:11   0:48 
Deryk Engelland          0  1  1   0  0   2  0  0  0  1  0/0    20:07   0:24   0:50 
Elias Lindholm           0  0  0   0  0   4  1  0  2  0  17/30  20:39   1:11   0:00 
Jack Hughes              0  0  0   1  0   6  0  0  1  0  1/5     9:12   0:00   0:19 
Jack Johnson             0  0  0   1  0   0  2  1  0  0  0/0    26:24   1:35   1:09 
Jean-Gabriel Pageau      1  0  1  -1  0   1  0  0  1  0  6/7    11:45   0:00   0:19 
Jordan Staal             1  0  1   1  0   4  3  0  1  1  14/16  17:23   0:48   0:00 
Mike Green               0  0  0   0  0   0  3  0  0  0  0/0    12:58   0:00   0:00 
Milan Lucic              0  0  0   1  0   1  0  0  0  0  0/0     8:17   0:00   0:25 
Nick Leddy               0  0  0   0  0   0  1  0  0  0  0/0    19:03   0:24   0:41 
Patrik Laine             0  0  0   1  2   9  3  0  1  0  1/1    18:03   0:48   0:00 
Phillip Danault          0  0  0   1  0   2  1  2  1  0  1/1    18:19   0:48   0:56 
Riley Nash               0  0  0  -1  0   1  0  1  0  0  0/0    11:06   0:00   0:00 
Scott Mayfield           0  0  0   0  0   2  0  1  0  0  0/0    14:33   0:00   0:09 
Tom Wilson               0  0  0   0  0   3  1  0  1  1  0/0    22:43   1:11   1:05 
Trevor Lewis             0  0  0   1  0   1  0  0  1  1  0/0     7:27   0:00   0:00 

3 Stars

1 - Jacob Markstrom (ANA)
2 - Petr Mrazek (TOR)
3 - Jordan Staal (ANA)

Power Play

Maple Leafs - 0 on 1 Attempt(s) - 0,00%
Ducks - 0 on 1 Attempt(s) - 0,00%

Penalty Kill

Maple Leafs - 1 on 1 Attempt(s) - 100,00% - Score 0 goal in Penalty Kill
Ducks - 1 on 1 Attempt(s) - 100,00% - Score 0 goal in Penalty Kill

Team Stat

Maple Leafs - Hits : 27 - Faceoff Wins : 21 - Blocked Shots : 13 - Penalty Minutes : 2
Ducks - Hits : 21 - Faceoff Wins : 41 - Blocked Shots : 7 - Penalty Minutes : 2

Official

Referees : Eric Furlatt and Rob Martell
Linesman : Jay Sharrers and Steve Miller

Game Notes

No Game Note

Finance

Level 1 -- Attendance: 5156 (85,93%) -- Ticket Income 515 600 $
Level 2 -- Attendance: 5000 (100,00%) -- Ticket Income 300 000 $
Level 3 -- Attendance: 2000 (100,00%) -- Ticket Income 70 000 $
Level 4 -- Attendance: 3831 (95,78%) -- Ticket Income 76 620 $
Luxury Box -- Attendance: 723 (72,30%) -- Ticket Income 144 600 $
Game was played at the The Pound.
Total Attendance: 16710 (92,83%)
Total Ticket Income: 1 106 820 $
Other Income: 542 342 $
Total Income: 1 649 162 $

Maple Leafs

5 vs 5 Forward 
   Center                   Left Wing                Right Wing               Time % Phy DF OF 
 1 Logan Couture            Ilya Kovalchuk           Mike Hoffman             32     0   3  2  
 2 Bobby Ryan               Andrei Svechnikov        Nikolaj Ehlers           30     0   3  2  
 3 Mattias Janmark          Jake Debrusk             Kaapo Kakko              28     0   3  2  
 4 Michael McCarron         Alex Iafallo             Andrei Svechnikov        10     1   2  2  

5 vs 5 Defense 
   Defense                  Defense                                           Time % Phy DF OF 
 1 Hampus Lindholm          Ben Hutton                                        33     0   3  2  
 2 Mikhail Sergachev        Troy Stecher                                      31     0   3  2  
 3 Dmitry Kulikov           Travis Dermott                                    26     0   3  2  
 4 Hampus Lindholm          Ben Hutton                                        10     0   3  2  

PowerPlay Forward 
   Center                   Left Wing                Right Wing               Time % Phy DF OF 
 1 Logan Couture            Jake Debrusk             Mike Hoffman             50     0   1  4  
 2 Bobby Ryan               Jesper Bratt             Nikolaj Ehlers           50     0   1  4  

PowerPlay Defense
   Defense                  Defense                                           Time % Phy DF OF 
 1 Mikhail Sergachev        Travis Dermott                                    60     0   1  4  
 2 Hampus Lindholm          Troy Stecher                                      40     0   1  4  

Penalty Kill 4 Players Forward 
   Center                   Wing                     Time % Phy DF OF 
 1 Logan Couture            Mike Hoffman             60     1   2  2  
 2 Jesper Bratt             Ilya Kovalchuk           40     1   2  2  

Penalty Kill 4 Players Defense
   Defense                  Defense                  Time % Phy DF OF 
 1 Hampus Lindholm          Ben Hutton               60     1   2  2  
 2 Mikhail Sergachev        Troy Stecher             40     1   2  2  

Penalty Kill - 3 Players Forward 
   Forward                                           Time % Phy DF OF 
 1 Logan Couture                                     60     1   2  2  
 2 Mike Hoffman                                      40     1   2  2  

Penalty Kill - 3 Players Defense
   Defense                  Defense                  Time % Phy DF OF 
 1 Hampus Lindholm          Ben Hutton               60     1   2  2  
 2 Mikhail Sergachev        Troy Stecher             40     1   2  2  

4 vs 4 Forward 
   Center                   Wing                     Time % Phy DF OF 
 1 Logan Couture            Mike Hoffman             60     1   2  2  
 2 Jesper Bratt             Ilya Kovalchuk           40     1   2  2  

4 vs 4 Defense
   Defense                  Defense                  Time % Phy DF OF 
 1 Hampus Lindholm          Travis Dermott           60     1   2  2  
 2 Mikhail Sergachev        Troy Stecher             40     1   2  2  

Last Minutes Offensive
   Center                   Left Wing                Right Wing               Defense                  Defense                  
   Logan Couture            Jake Debrusk             Mike Hoffman             Hampus Lindholm          Mikhail Sergachev        

Last Minutes Defensive
   Center                   Left Wing                Right Wing               Defense                  Defense                  
   Logan Couture            Alex Iafallo             Mattias Janmark          Hampus Lindholm          Ben Hutton               

Goaltenders
Starting : Petr Mrazek              
Backup : Chris Driedger           

Extra Forwards
Normal : Jake Debrusk, Alex Iafallo, Nikolaj Ehlers - PP : Jake Debrusk, Alex Iafallo - PK : Nikolaj Ehlers
Extra Defensemen
Normal : Mikhail Sergachev, Hampus Lindholm, Travis Dermott - PP : Travis Dermott - PK : Hampus Lindholm, Mikhail Sergachev
Penalty Shots
Logan Couture, Mike Hoffman, Jesper Bratt, Ilya Kovalchuk, Bobby Ryan
Custom OT Lines Forwards
Logan Couture, Mike Hoffman, Jesper Bratt, Ilya Kovalchuk, Bobby Ryan, Mattias Janmark, Jake Debrusk, Alex Iafallo, Nikolaj Ehlers, Andrei Svechnikov
Custom OT Lines Defensemen
Hampus Lindholm, Mikhail Sergachev, Ben Hutton, Troy Stecher, Travis Dermott

Scratches
Blake Comeau (Healthy), Fredrik Claesson (Healthy), Anders Nilsson (Healthy)

Ducks

5 vs 5 Forward 
   Center                   Left Wing                Right Wing               Time % Phy DF OF 
 1 Elias Lindholm           David Perron             Tom Wilson               40     1   2  2  
 2 Jordan Staal             Patrik Laine             Phillip Danault          30     1   2  2  
 3 Jean-Gabriel Pageau      Craig Smith              Riley Nash               20     1   2  2  
 4 Jack Hughes              Milan Lucic              Trevor Lewis             10     1   2  2  

5 vs 5 Defense 
   Defense                  Defense                                           Time % Phy DF OF 
 1 Alexander Edler          Jack Johnson                                      40     1   2  2  
 2 Nick Leddy               Deryk Engelland                                   30     1   2  2  
 3 Mike Green               Scott Mayfield                                    20     1   2  2  
 4 Alexander Edler          Jack Johnson                                      10     1   2  2  

PowerPlay Forward 
   Center                   Left Wing                Right Wing               Time % Phy DF OF 
 1 Elias Lindholm           David Perron             Tom Wilson               60     1   2  2  
 2 Jordan Staal             Patrik Laine             Phillip Danault          40     1   2  2  

PowerPlay Defense
   Defense                  Defense                                           Time % Phy DF OF 
 1 Alexander Edler          Jack Johnson                                      60     1   2  2  
 2 Nick Leddy               Deryk Engelland                                   40     1   2  2  

Penalty Kill 4 Players Forward 
   Center                   Wing                     Time % Phy DF OF 
 1 Phillip Danault          Tom Wilson               60     1   2  2  
 2 Jean-Gabriel Pageau      David Perron             40     1   2  2  

Penalty Kill 4 Players Defense
   Defense                  Defense                  Time % Phy DF OF 
 1 Alexander Edler          Jack Johnson             60     1   2  2  
 2 Nick Leddy               Deryk Engelland          40     1   2  2  

Penalty Kill - 3 Players Forward 
   Forward                                           Time % Phy DF OF 
 1 Jean-Gabriel Pageau                               60     1   2  2  
 2 Phillip Danault                                   40     1   2  2  

Penalty Kill - 3 Players Defense
   Defense                  Defense                  Time % Phy DF OF 
 1 Alexander Edler          Jack Johnson             60     1   2  2  
 2 Nick Leddy               Deryk Engelland          40     1   2  2  

4 vs 4 Forward 
   Center                   Wing                     Time % Phy DF OF 
 1 Elias Lindholm           Tom Wilson               60     1   2  2  
 2 Jordan Staal             David Perron             40     1   2  2  

4 vs 4 Defense
   Defense                  Defense                  Time % Phy DF OF 
 1 Alexander Edler          Jack Johnson             60     1   2  2  
 2 Nick Leddy               Deryk Engelland          40     1   2  2  

Last Minutes Offensive
   Center                   Left Wing                Right Wing               Defense                  Defense                  
   Elias Lindholm           David Perron             Tom Wilson               Alexander Edler          Jack Johnson             

Last Minutes Defensive
   Center                   Left Wing                Right Wing               Defense                  Defense                  
   Elias Lindholm           David Perron             Tom Wilson               Alexander Edler          Jack Johnson             

Goaltenders
Starting : Jacob Markstrom          
Backup : Cal Petersen             

Extra Forwards
Normal : Craig Smith, Jean-Gabriel Pageau, Milan Lucic - PP : Craig Smith, Jean-Gabriel Pageau - PK : Milan Lucic
Extra Defensemen
Normal : Mike Green, Scott Mayfield, Nick Leddy - PP : Mike Green - PK : Scott Mayfield, Nick Leddy
Penalty Shots
Elias Lindholm, Tom Wilson, Jordan Staal, David Perron, Patrik Laine
Custom OT Lines Forwards
Elias Lindholm, Tom Wilson, Jordan Staal, David Perron, Patrik Laine, Phillip Danault, Craig Smith, Jean-Gabriel Pageau, Milan Lucic, Jack Hughes
Custom OT Lines Defensemen
Alexander Edler, Jack Johnson, Nick Leddy, Deryk Engelland, Mike Green

Scratches
Andrew Poturalski (Healthy), Maxime Lajoie (Healthy)

% Time on Ice - Maple Leafs

Lines # - Real PCT - Wanted PCT - Time Play
Normal Forward
1 - 31% - 32% - 17:08
2 - 28% - 30% - 15:12
3 - 29% - 28% - 16:02
4 - 12% - 10% - 6:36
Normal Defense
1 - 32% - 33% - 17:29
2 - 30% - 31% - 16:35
3 - 29% - 26% - 16:09
4 - 9% - 10% - 4:45
PP Forward
1 - 54% - 50% - 1:04
2 - 46% - 50% - 0:55
PP Defense
1 - 54% - 60% - 1:04
2 - 46% - 40% - 0:55
PK Forward
1 - 84% - 60% - 1:40
2 - 16% - 40% - 0:19
PK Defense
1 - 100% - 60% - 1:59
2 - 0% - 40% - 0:00
PK3 Forward
1 - 0% - 60%
2 - 0% - 40%
PK3 Defense
1 - 0% - 60%
2 - 0% - 40%
44 Forward
1 - 0% - 60%
2 - 0% - 40%
44 Defense
1 - 0% - 60%
2 - 0% - 40%
Last Minute Offensive  - 1:04
Last Minute Defensive  - 0:00
Total
Forward - 60:00
Defense - 60:00

% Time on Ice - Ducks

Lines # - Real PCT - Wanted PCT - Time Play
Normal Forward
1 - 36% - 40% - 19:49
2 - 30% - 30% - 16:35
3 - 20% - 20% - 11:06
4 - 14% - 10% - 7:27
Normal Defense
1 - 37% - 40% - 20:25
2 - 32% - 30% - 17:28
3 - 24% - 20% - 12:58
4 - 7% - 10% - 4:06
PP Forward
1 - 60% - 60% - 1:11
2 - 40% - 40% - 0:48
PP Defense
1 - 80% - 60% - 1:35
2 - 20% - 40% - 0:24
PK Forward
1 - 84% - 60% - 1:40
2 - 16% - 40% - 0:19
PK Defense
1 - 66% - 60% - 1:18
2 - 34% - 40% - 0:41
PK3 Forward
1 - 0% - 60%
2 - 0% - 40%
PK3 Defense
1 - 0% - 60%
2 - 0% - 40%
44 Forward
1 - 0% - 60%
2 - 0% - 40%
44 Defense
1 - 0% - 60%
2 - 0% - 40%
Last Minute Offensive  - 0:00
Last Minute Defensive  - 1:05
Total
Forward - 60:00
Defense - 60:00

Play-by-Play

1st period


0:01 of 1st period - Elias Lindholm wins face-off versus Logan Couture in neutral zone.
0:06 of 1st period - Wrist shot by David Perron.
0:06 of 1st period - Stopped by Petr Mrazek without a rebound.
0:07 of 1st period - Elias Lindholm wins face-off versus Logan Couture in Maple Leafs zone.
0:10 of 1st period - Snap shot by Elias Lindholm.
0:10 of 1st period - Shot Misses the Net.
0:12 of 1st period - Slapshot by Tom Wilson.
0:12 of 1st period - Stopped by Petr Mrazek without a rebound.
0:13 of 1st period - Jordan Staal wins face-off versus Bobby Ryan in Maple Leafs zone.
0:14 of 1st period - Snap shot by Patrik Laine.
0:14 of 1st period - Shot Blocked by Troy Stecher.
0:22 of 1st period - Slapshot by Bobby Ryan.
0:22 of 1st period - Stopped by Jacob Markstrom with a rebound.
0:24 of 1st period - Wrist shot by Troy Stecher.
0:24 of 1st period - Stopped by Jacob Markstrom with a rebound.
0:26 of 1st period - Slapshot by Mikhail Sergachev.
0:26 of 1st period - Stopped by Jacob Markstrom with a rebound.
0:28 of 1st period - Slapshot by Mikhail Sergachev.
0:28 of 1st period - Stopped by Jacob Markstrom with a rebound.
0:38 of 1st period - Deryk Engelland is hit by Troy Stecher and loses puck.
1:13 of 1st period - Wrist shot by Mike Hoffman.
1:13 of 1st period - Stopped by Jacob Markstrom with a rebound.
1:59 of 1st period - Slapshot by Patrik Laine.
1:59 of 1st period - Stopped by Petr Mrazek without a rebound.
2:00 of 1st period - Mattias Janmark wins face-off versus Jean-Gabriel Pageau in Maple Leafs zone.
3:33 of 1st period - Slapshot by Craig Smith.
3:33 of 1st period - Shot Misses the Net.
3:35 of 1st period - Snap shot by Riley Nash.
3:35 of 1st period - Stopped by Petr Mrazek without a rebound.
3:36 of 1st period - Elias Lindholm wins face-off versus Mattias Janmark in Maple Leafs zone.
4:02 of 1st period - Phillip Danault is hit by Troy Stecher and loses puck.
4:46 of 1st period - Wrist shot by Nikolaj Ehlers.
4:46 of 1st period - Stopped by Jacob Markstrom without a rebound.
4:47 of 1st period - Elias Lindholm wins face-off versus Mattias Janmark in Ducks zone.
4:58 of 1st period - Tom Wilson is hit by Hampus Lindholm and loses puck.
6:37 of 1st period - Snap shot by Logan Couture.
6:37 of 1st period - Shot Misses the Net.
6:39 of 1st period - Snap shot by Mike Hoffman.
6:39 of 1st period - Stopped by Jacob Markstrom without a rebound.
6:40 of 1st period - Jordan Staal wins face-off versus Logan Couture in Ducks zone.
6:49 of 1st period - Mikhail Sergachev is hit by Mike Green and loses puck.
7:16 of 1st period - Slapshot by Kaapo Kakko.
7:16 of 1st period - Stopped by Jacob Markstrom without a rebound.
7:17 of 1st period - Bobby Ryan wins face-off versus Elias Lindholm in Ducks zone.
7:18 of 1st period - Wrist shot by Nikolaj Ehlers.
7:18 of 1st period - Shot Misses the Net.
7:42 of 1st period - Alexander Edler is hit by Ben Hutton and loses puck.
9:02 of 1st period - Off-side.
9:03 of 1st period - Jean-Gabriel Pageau wins face-off versus Bobby Ryan in neutral zone.
9:08 of 1st period - Snap shot by Craig Smith.
9:08 of 1st period - Stopped by Petr Mrazek with a rebound.
9:51 of 1st period - Jack Johnson is hit by Kaapo Kakko and loses puck.
10:32 of 1st period - Elias Lindholm is hit by Andrei Svechnikov and loses puck.
10:39 of 1st period - Andrei Svechnikov is hit by David Perron and loses puck.
11:00 of 1st period - Riley Nash is hit by Andrei Svechnikov and loses puck.
11:09 of 1st period - Snap shot by Bobby Ryan.
11:09 of 1st period - Shot Misses the Net.
11:23 of 1st period - Snap shot by Craig Smith.
11:23 of 1st period - Stopped by Petr Mrazek with a rebound.
11:25 of 1st period - Snap shot by Riley Nash.
11:25 of 1st period - Shot Misses the Net.
11:34 of 1st period - Slapshot by Craig Smith.
11:34 of 1st period - Shot Misses the Net.
12:00 of 1st period - Bobby Ryan is hit by Craig Smith and loses puck.
12:05 of 1st period - Slapshot by Craig Smith.
12:05 of 1st period - Stopped by Petr Mrazek with a rebound.
12:07 of 1st period - Snap shot by Scott Mayfield.
12:07 of 1st period - Shot Blocked by Dmitry Kulikov.
12:09 of 1st period - Wrist shot by Scott Mayfield.
12:09 of 1st period - Stopped by Petr Mrazek without a rebound.
12:10 of 1st period - Elias Lindholm wins face-off versus Logan Couture in Maple Leafs zone.
12:37 of 1st period - Alexander Edler is hit by Hampus Lindholm and loses puck.
12:44 of 1st period - Kaapo Kakko is hit by Patrik Laine and loses puck.
12:58 of 1st period - Off-side.
12:59 of 1st period - Logan Couture wins face-off versus Jack Hughes in neutral zone.
13:19 of 1st period - Jack Johnson is hit by Troy Stecher.
13:37 of 1st period - Wrist shot by David Perron.
13:37 of 1st period - Stopped by Petr Mrazek with a rebound.
13:39 of 1st period - Backhand shot by David Perron.
13:39 of 1st period - Shot Blocked by Mikhail Sergachev.
14:05 of 1st period - Logan Couture is hit by Patrik Laine and loses puck.
14:20 of 1st period - Deryk Engelland is hit by Ben Hutton and loses puck.
14:34 of 1st period - Icing by Elias Lindholm.
14:35 of 1st period - Michael McCarron wins face-off versus Elias Lindholm in Ducks zone.
14:50 of 1st period - Elias Lindholm is hit by Travis Dermott and loses puck.
15:37 of 1st period - Wrist shot by Patrik Laine.
15:37 of 1st period - Shot Misses the Net.
16:10 of 1st period - Snap shot by Jack Hughes.
16:10 of 1st period - Stopped by Petr Mrazek with a rebound.
16:28 of 1st period - Jordan Staal is hit by Logan Couture and loses puck.
16:53 of 1st period - Scott Mayfield is hit by Jake Debrusk and loses puck.
17:34 of 1st period - Snap shot by Jordan Staal.
17:34 of 1st period - Stopped by Petr Mrazek with a rebound.
17:44 of 1st period - Andrei Svechnikov is hit by Jack Johnson.
18:22 of 1st period - Snap shot by Milan Lucic.
18:22 of 1st period - Stopped by Petr Mrazek with a rebound.
18:42 of 1st period - Alex Iafallo is hit by Alexander Edler.
18:52 of 1st period - Jack Johnson is hit by Mattias Janmark.
Goals for this period are 0 for Maple Leafs vs 0 for Ducks.
Shots for this period are 8 for Maple Leafs vs 12 for Ducks.

2nd period


0:01 of 2nd period - Logan Couture wins face-off versus Elias Lindholm in neutral zone.
0:06 of 2nd period - Icing by Tom Wilson.
0:07 of 2nd period - Elias Lindholm wins face-off versus Logan Couture in Ducks zone.
0:57 of 2nd period - Wrist shot by Elias Lindholm.
0:57 of 2nd period - Stopped by Petr Mrazek with a rebound.
0:59 of 2nd period - Snap shot by David Perron.
0:59 of 2nd period - Stopped by Petr Mrazek without a rebound.
1:00 of 2nd period - Patrik Laine wins face-off versus Andrei Svechnikov in Maple Leafs zone.
1:03 of 2nd period - Backhand shot by Phillip Danault.
1:03 of 2nd period - Stopped by Petr Mrazek without a rebound.
1:04 of 2nd period - Jordan Staal wins face-off versus Nikolaj Ehlers in Maple Leafs zone.
1:35 of 2nd period - Wrist shot by Kaapo Kakko.
1:35 of 2nd period - Stopped by Jacob Markstrom with a rebound.
1:37 of 2nd period - Wrist shot by Kaapo Kakko.
1:37 of 2nd period - Shot Misses the Net.
1:39 of 2nd period - Slapshot by Mattias Janmark.
1:39 of 2nd period - Goal by Mattias Janmark - Maple Leafs : 1 - Ducks : 0.
1:40 of 2nd period - Elias Lindholm wins face-off versus Bobby Ryan in neutral zone.
1:49 of 2nd period - Snap shot by Andrei Svechnikov.
1:49 of 2nd period - Stopped by Jacob Markstrom without a rebound.
1:50 of 2nd period - Elias Lindholm wins face-off versus Bobby Ryan in Ducks zone.
2:53 of 2nd period - Wrist shot by Nikolaj Ehlers.
2:53 of 2nd period - Stopped by Jacob Markstrom without a rebound.
2:54 of 2nd period - Jordan Staal wins face-off versus Logan Couture in Ducks zone.
3:11 of 2nd period - Wrist shot by Patrik Laine.
3:11 of 2nd period - Stopped by Petr Mrazek without a rebound.
3:12 of 2nd period - Jean-Gabriel Pageau wins face-off versus Mattias Janmark in Maple Leafs zone.
3:17 of 2nd period - Wrist shot by Craig Smith.
3:17 of 2nd period - Stopped by Petr Mrazek without a rebound.
3:18 of 2nd period - Jean-Gabriel Pageau wins face-off versus Mattias Janmark in Maple Leafs zone.
3:50 of 2nd period - Off-side.
3:51 of 2nd period - Logan Couture wins face-off versus Elias Lindholm in neutral zone.
4:00 of 2nd period - Mike Hoffman is hit by Tom Wilson and loses puck.
5:08 of 2nd period - Slapshot by Trevor Lewis.
5:08 of 2nd period - Deflect By Jack Hughes.
5:08 of 2nd period - Stopped by Petr Mrazek with a rebound.
6:02 of 2nd period - Wrist shot by Mike Hoffman.
6:02 of 2nd period - Stopped by Jacob Markstrom with a rebound.
6:04 of 2nd period - Slapshot by Troy Stecher.
6:04 of 2nd period - Shot Blocked by Scott Mayfield.
6:06 of 2nd period - Snap shot by Ilya Kovalchuk.
6:06 of 2nd period - Stopped by Jacob Markstrom without a rebound.
6:07 of 2nd period - Elias Lindholm wins face-off versus Mattias Janmark in Ducks zone.
6:07 of 2nd period - Elias Lindholm is hit by Jake Debrusk.
6:19 of 2nd period - Snap shot by Mattias Janmark.
6:19 of 2nd period - Shot Misses the Net.
6:25 of 2nd period - Alexander Edler is hit by Jake Debrusk and loses puck.
6:32 of 2nd period - Mattias Janmark is hit by Elias Lindholm and loses puck.
7:19 of 2nd period - Snap shot by Tom Wilson.
7:19 of 2nd period - Stopped by Petr Mrazek without a rebound.
7:20 of 2nd period - Jordan Staal wins face-off versus Bobby Ryan in Maple Leafs zone.
7:52 of 2nd period - Wrist shot by Jean-Gabriel Pageau.
7:52 of 2nd period - Shot Misses the Net.
7:54 of 2nd period - Wrist shot by Nick Leddy.
7:54 of 2nd period - Shot Misses the Net.
7:56 of 2nd period - Snap shot by Riley Nash.
7:56 of 2nd period - Shot Misses the Net.
8:25 of 2nd period - Mikhail Sergachev is hit by Jordan Staal and loses puck.
8:46 of 2nd period - Wrist shot by Craig Smith.
8:46 of 2nd period - Stopped by Petr Mrazek without a rebound.
8:47 of 2nd period - Logan Couture wins face-off versus Jack Hughes in Maple Leafs zone.
8:54 of 2nd period - Wrist shot by Jack Hughes.
8:54 of 2nd period - Shot Misses the Net.
9:03 of 2nd period - Icing by Mike Green.
9:04 of 2nd period - Jordan Staal wins face-off versus Bobby Ryan in Ducks zone.
9:04 of 2nd period - Jordan Staal is hit by Bobby Ryan.
9:56 of 2nd period - Off-side.
9:57 of 2nd period - Andrei Svechnikov wins face-off versus Jordan Staal in neutral zone.
10:04 of 2nd period - Wrist shot by Jordan Staal.
10:04 of 2nd period - Stopped by Petr Mrazek without a rebound.
10:05 of 2nd period - Jordan Staal wins face-off versus Bobby Ryan in Maple Leafs zone.
10:36 of 2nd period - Wrist shot by Jordan Staal.
10:36 of 2nd period - Shot Misses the Net.
10:52 of 2nd period - Mike Hoffman is hit by Craig Smith and loses puck.
11:11 of 2nd period - Slapshot by Jean-Gabriel Pageau.
11:11 of 2nd period - Goal by Jean-Gabriel Pageau - Maple Leafs : 1 - Ducks : 1.
11:12 of 2nd period - Bobby Ryan wins face-off versus Elias Lindholm in neutral zone.
11:15 of 2nd period - Slapshot by Nikolaj Ehlers.
11:15 of 2nd period - Stopped by Jacob Markstrom without a rebound.
11:16 of 2nd period - Elias Lindholm wins face-off versus Andrei Svechnikov in Ducks zone.
11:16 of 2nd period - Elias Lindholm is hit by Hampus Lindholm.
11:42 of 2nd period - Snap shot by Jordan Staal.
11:42 of 2nd period - Goal by Jordan Staal - Maple Leafs : 1 - Ducks : 2.
11:43 of 2nd period - Michael McCarron wins face-off versus Elias Lindholm in neutral zone.
11:45 of 2nd period - Off-side.
11:46 of 2nd period - Elias Lindholm wins face-off versus Michael McCarron in neutral zone.
11:51 of 2nd period - Slapshot by Andrei Svechnikov.
11:51 of 2nd period - Shot Misses the Net.
11:53 of 2nd period - Snap shot by Andrei Svechnikov.
11:53 of 2nd period - Shot Misses the Net.
12:25 of 2nd period - Wrist shot by Patrik Laine.
12:25 of 2nd period - Shot Misses the Net.
12:41 of 2nd period - Snap shot by Jack Hughes.
12:41 of 2nd period - Stopped by Petr Mrazek without a rebound.
12:42 of 2nd period - Jack Hughes wins face-off versus Nikolaj Ehlers in Maple Leafs zone.
13:07 of 2nd period - Tom Wilson is hit by Mikhail Sergachev and loses puck.
13:47 of 2nd period - Snap shot by Jake Debrusk.
13:47 of 2nd period - Shot Misses the Net.
13:49 of 2nd period - Snap shot by Kaapo Kakko.
13:49 of 2nd period - Stopped by Jacob Markstrom with a rebound.
13:51 of 2nd period - Snap shot by Dmitry Kulikov.
13:51 of 2nd period - Deflect By Jake Debrusk.
13:51 of 2nd period - Shot Misses the Net.
13:51 of 2nd period - Puck is out of play.
13:52 of 2nd period - Jordan Staal wins face-off versus Bobby Ryan in Ducks zone.
14:03 of 2nd period - Snap shot by Nikolaj Ehlers.
14:03 of 2nd period - Stopped by Jacob Markstrom without a rebound.
14:04 of 2nd period - Elias Lindholm wins face-off versus Bobby Ryan in Ducks zone.
14:34 of 2nd period - Slapshot by Ben Hutton.
14:34 of 2nd period - Deflect By Patrik Laine.
14:34 of 2nd period - Stopped by Jacob Markstrom with a rebound.
14:53 of 2nd period - Off-side.
14:54 of 2nd period - Bobby Ryan wins face-off versus Elias Lindholm in neutral zone.
14:57 of 2nd period - Deryk Engelland is hit by Nikolaj Ehlers and loses puck.
15:20 of 2nd period - Patrik Laine is hit by Logan Couture and loses puck.
15:43 of 2nd period - Wrist shot by Mattias Janmark.
15:43 of 2nd period - Stopped by Jacob Markstrom with a rebound.
16:06 of 2nd period - Icing by Michael McCarron.
16:07 of 2nd period - Alex Iafallo wins face-off versus Elias Lindholm in Maple Leafs zone.
16:55 of 2nd period - Snap shot by David Perron.
16:55 of 2nd period - Stopped by Petr Mrazek with a rebound.
17:05 of 2nd period - Wrist shot by Elias Lindholm.
17:05 of 2nd period - Shot Blocked by Alex Iafallo.
17:11 of 2nd period - Wrist shot by Elias Lindholm.
17:11 of 2nd period - Stopped by Petr Mrazek without a rebound.
17:12 of 2nd period - Jordan Staal wins face-off versus Logan Couture in Maple Leafs zone.
17:29 of 2nd period - Mikhail Sergachev is hit by Phillip Danault.
17:41 of 2nd period - Slapshot by Jack Hughes.
17:41 of 2nd period - Stopped by Petr Mrazek without a rebound.
17:42 of 2nd period - Mattias Janmark wins face-off versus Jack Hughes in Maple Leafs zone.
17:57 of 2nd period - Snap shot by Milan Lucic.
17:57 of 2nd period - Shot Misses the Net.
18:17 of 2nd period - Snap shot by Phillip Danault.
18:17 of 2nd period - Stopped by Petr Mrazek without a rebound.
18:18 of 2nd period - Jordan Staal wins face-off versus Logan Couture in Maple Leafs zone.
18:25 of 2nd period - Slapshot by Ilya Kovalchuk.
18:25 of 2nd period - Shot Misses the Net.
18:27 of 2nd period - Wrist shot by Mike Hoffman.
18:27 of 2nd period - Stopped by Jacob Markstrom with a rebound.
18:29 of 2nd period - Slapshot by Travis Dermott.
18:29 of 2nd period - Stopped by Jacob Markstrom without a rebound.
18:30 of 2nd period - Bobby Ryan wins face-off versus Elias Lindholm in Ducks zone.
18:37 of 2nd period - Snap shot by Andrei Svechnikov.
18:37 of 2nd period - Stopped by Jacob Markstrom with a rebound.
18:56 of 2nd period - Minor Penalty to Ben Hutton for Interference.
18:57 of 2nd period - Elias Lindholm wins face-off versus Logan Couture in Maple Leafs zone.
Goals for this period are 1 for Maple Leafs vs 2 for Ducks.
Shots for this period are 14 for Maple Leafs vs 16 for Ducks.

3rd period


0:01 of 3rd period - Logan Couture wins face-off versus David Perron in neutral zone.
0:26 of 3rd period - Mikhail Sergachev is hit by Jordan Staal and loses puck.
0:56 of 3rd period - Penalty to Ben Hutton is over, Ben Hutton is back on ice.
1:07 of 3rd period - Slapshot by Mikhail Sergachev.
1:07 of 3rd period - Stopped by Jacob Markstrom with a rebound.
1:09 of 3rd period - Snap shot by Mattias Janmark.
1:09 of 3rd period - Stopped by Jacob Markstrom with a rebound.
1:11 of 3rd period - Backhand shot by Hampus Lindholm.
1:11 of 3rd period - Stopped by Jacob Markstrom with a rebound.
1:13 of 3rd period - Slapshot by Mikhail Sergachev.
1:13 of 3rd period - Stopped by Jacob Markstrom without a rebound.
1:14 of 3rd period - Jordan Staal wins face-off versus Bobby Ryan in Ducks zone.
1:31 of 3rd period - Dmitry Kulikov is hit by Mike Green and loses puck.
1:59 of 3rd period - Off-side.
2:00 of 3rd period - Elias Lindholm wins face-off versus Logan Couture in neutral zone.
2:03 of 3rd period - Wrist shot by Alexander Edler.
2:03 of 3rd period - Stopped by Petr Mrazek with a rebound.
2:05 of 3rd period - Wrist shot by Tom Wilson.
2:05 of 3rd period - Stopped by Petr Mrazek with a rebound.
2:07 of 3rd period - Wrist shot by Tom Wilson.
2:07 of 3rd period - Shot Blocked by Ben Hutton.
2:09 of 3rd period - Wrist shot by David Perron.
2:09 of 3rd period - Shot Blocked by Hampus Lindholm.
2:11 of 3rd period - Slapshot by Elias Lindholm.
2:11 of 3rd period - Stopped by Petr Mrazek with a rebound.
2:40 of 3rd period - Wrist shot by Kaapo Kakko.
2:40 of 3rd period - Shot Misses the Net.
3:16 of 3rd period - Snap shot by Phillip Danault.
3:16 of 3rd period - Shot Misses the Net.
3:36 of 3rd period - Slapshot by Mikhail Sergachev.
3:36 of 3rd period - Shot Blocked by Alexander Edler.
4:13 of 3rd period - Jack Johnson is hit by Dmitry Kulikov and loses puck.
4:20 of 3rd period - Snap shot by Alexander Edler.
4:20 of 3rd period - Deflect By Mike Hoffman.
4:20 of 3rd period - Stopped by Petr Mrazek with a rebound.
4:22 of 3rd period - Wrist shot by Jack Johnson.
4:22 of 3rd period - Shot Blocked by Travis Dermott.
4:32 of 3rd period - Wrist shot by Patrik Laine.
4:32 of 3rd period - Stopped by Petr Mrazek without a rebound.
4:33 of 3rd period - Jordan Staal wins face-off versus Mattias Janmark in Maple Leafs zone.
4:38 of 3rd period - Snap shot by Patrik Laine.
4:38 of 3rd period - Shot Misses the Net.
4:40 of 3rd period - Slapshot by Patrik Laine.
4:40 of 3rd period - Stopped by Petr Mrazek without a rebound.
4:41 of 3rd period - Logan Couture wins face-off versus Elias Lindholm in Maple Leafs zone.
4:52 of 3rd period - Snap shot by Mike Hoffman.
4:52 of 3rd period - Stopped by Jacob Markstrom with a rebound.
4:54 of 3rd period - Snap shot by Mike Hoffman.
4:54 of 3rd period - Shot Misses the Net.
4:56 of 3rd period - Snap shot by Ilya Kovalchuk.
4:56 of 3rd period - Stopped by Jacob Markstrom with a rebound.
5:08 of 3rd period - Slapshot by Nikolaj Ehlers.
5:08 of 3rd period - Deflect By Andrei Svechnikov.
5:08 of 3rd period - Shot Misses the Net.
5:08 of 3rd period - Puck is out of play.
5:09 of 3rd period - Jordan Staal wins face-off versus Bobby Ryan in Ducks zone.
5:11 of 3rd period - Icing by Patrik Laine.
5:12 of 3rd period - Jordan Staal wins face-off versus Bobby Ryan in Ducks zone.
5:23 of 3rd period - Wrist shot by Nikolaj Ehlers.
5:23 of 3rd period - Stopped by Jacob Markstrom without a rebound.
5:24 of 3rd period - David Perron wins face-off versus Bobby Ryan in Ducks zone.
5:50 of 3rd period - Hampus Lindholm is hit by Jordan Staal and loses puck.
5:57 of 3rd period - Slapshot by Ilya Kovalchuk.
5:57 of 3rd period - Shot Blocked by Phillip Danault.
6:10 of 3rd period - Icing by Craig Smith.
6:11 of 3rd period - Jean-Gabriel Pageau wins face-off versus Mattias Janmark in Ducks zone.
6:33 of 3rd period - Icing by Mattias Janmark.
6:34 of 3rd period - Elias Lindholm wins face-off versus Mattias Janmark in Maple Leafs zone.
6:44 of 3rd period - Wrist shot by Elias Lindholm.
6:44 of 3rd period - Stopped by Petr Mrazek with a rebound.
7:00 of 3rd period - Slapshot by Jake Debrusk.
7:00 of 3rd period - Stopped by Jacob Markstrom with a rebound.
7:36 of 3rd period - Snap shot by Jack Hughes.
7:36 of 3rd period - Stopped by Petr Mrazek without a rebound.
7:37 of 3rd period - Logan Couture wins face-off versus Elias Lindholm in Maple Leafs zone.
8:27 of 3rd period - Michael McCarron is hit by Patrik Laine and loses puck.
8:42 of 3rd period - Wrist shot by Patrik Laine.
8:42 of 3rd period - Deflect By Jordan Staal.
8:42 of 3rd period - Stopped by Petr Mrazek with a rebound.
8:44 of 3rd period - Slapshot by Nick Leddy.
8:44 of 3rd period - Shot Blocked by Andrei Svechnikov.
8:48 of 3rd period - Wrist shot by Phillip Danault.
8:48 of 3rd period - Deflect By Patrik Laine.
8:48 of 3rd period - Stopped by Petr Mrazek with a rebound.
8:50 of 3rd period - Slapshot by Deryk Engelland.
8:50 of 3rd period - Stopped by Petr Mrazek without a rebound.
8:51 of 3rd period - Logan Couture wins face-off versus Elias Lindholm in Maple Leafs zone.
8:51 of 3rd period - Logan Couture is hit by Jack Johnson.
9:01 of 3rd period - Slapshot by Ilya Kovalchuk.
9:01 of 3rd period - Stopped by Jacob Markstrom without a rebound.
9:02 of 3rd period - Elias Lindholm wins face-off versus Logan Couture in Ducks zone.
9:02 of 3rd period - Elias Lindholm is hit by Mike Hoffman.
9:35 of 3rd period - Wrist shot by Jake Debrusk.
9:35 of 3rd period - Shot Blocked by Alexander Edler.
9:37 of 3rd period - Slapshot by Ben Hutton.
9:37 of 3rd period - Shot Blocked by Riley Nash.
9:59 of 3rd period - Wrist shot by Alex Iafallo.
9:59 of 3rd period - Stopped by Jacob Markstrom without a rebound.
10:00 of 3rd period - Michael McCarron wins face-off versus Elias Lindholm in Ducks zone.
10:06 of 3rd period - Wrist shot by Andrei Svechnikov.
10:06 of 3rd period - Shot Misses the Net.
10:08 of 3rd period - Slapshot by Troy Stecher.
10:08 of 3rd period - Deflect By Alex Iafallo.
10:08 of 3rd period - Stopped by Jacob Markstrom with a rebound.
10:44 of 3rd period - Minor Penalty to Patrik Laine for Holding.
10:45 of 3rd period - Phillip Danault wins face-off versus Mike Hoffman in Ducks zone.
10:58 of 3rd period - Wrist shot by Jake Debrusk.
10:58 of 3rd period - Stopped by Jacob Markstrom with a rebound.
11:00 of 3rd period - Snap shot by Logan Couture.
11:00 of 3rd period - Shot Blocked by Jack Johnson.
11:10 of 3rd period - Phillip Danault is hit by Bobby Ryan and loses puck.
11:19 of 3rd period - Wrist shot by Nikolaj Ehlers.
11:19 of 3rd period - Stopped by Jacob Markstrom with a rebound.
11:33 of 3rd period - Jack Johnson is hit by Hampus Lindholm and loses puck.
12:44 of 3rd period - Penalty to Patrik Laine is over, Patrik Laine is back on ice.
12:57 of 3rd period - Slapshot by Patrik Laine.
12:57 of 3rd period - Stopped by Petr Mrazek with a rebound.
13:11 of 3rd period - Wrist shot by Jack Hughes.
13:11 of 3rd period - Shot Blocked by Dmitry Kulikov.
13:13 of 3rd period - Snap shot by Deryk Engelland.
13:13 of 3rd period - Shot Blocked by Dmitry Kulikov.
13:15 of 3rd period - Snap shot by Jack Hughes.
13:15 of 3rd period - Stopped by Petr Mrazek with a rebound.
13:25 of 3rd period - Wrist shot by Patrik Laine.
13:25 of 3rd period - Stopped by Petr Mrazek with a rebound.
13:27 of 3rd period - Slapshot by Patrik Laine.
13:27 of 3rd period - Stopped by Petr Mrazek with a rebound.
13:29 of 3rd period - Slapshot by Deryk Engelland.
13:29 of 3rd period - Stopped by Petr Mrazek with a rebound.
13:31 of 3rd period - Slapshot by Jack Hughes.
13:31 of 3rd period - Shot Blocked by Andrei Svechnikov.
14:09 of 3rd period - Snap shot by Patrik Laine.
14:09 of 3rd period - Stopped by Petr Mrazek without a rebound.
14:10 of 3rd period - Jean-Gabriel Pageau wins face-off versus Logan Couture in Maple Leafs zone.
14:19 of 3rd period - Snap shot by Logan Couture.
14:19 of 3rd period - Shot Hit the Post.
14:21 of 3rd period - Snap shot by Mike Hoffman.
14:21 of 3rd period - Stopped by Jacob Markstrom with a rebound.
14:23 of 3rd period - Wrist shot by Logan Couture.
14:23 of 3rd period - Stopped by Jacob Markstrom without a rebound.
14:24 of 3rd period - Jean-Gabriel Pageau wins face-off versus Logan Couture in Ducks zone.
14:24 of 3rd period - Jean-Gabriel Pageau is hit by Ilya Kovalchuk.
14:50 of 3rd period - Slapshot by Nikolaj Ehlers.
14:50 of 3rd period - Shot Blocked by Phillip Danault.
15:20 of 3rd period - Troy Stecher is hit by Mike Green and loses puck.
16:03 of 3rd period - Icing by Alexander Edler.
16:04 of 3rd period - Mattias Janmark wins face-off versus Jordan Staal in Ducks zone.
16:23 of 3rd period - Snap shot by Mike Hoffman.
16:23 of 3rd period - Shot Misses the Net.
16:25 of 3rd period - Snap shot by Logan Couture.
16:25 of 3rd period - Stopped by Jacob Markstrom without a rebound.
16:26 of 3rd period - Logan Couture wins face-off versus Jack Hughes in Ducks zone.
17:15 of 3rd period - Travis Dermott is hit by Craig Smith and loses puck.
18:02 of 3rd period - Nikolaj Ehlers is hit by Nick Leddy and loses puck.
18:13 of 3rd period - Wrist shot by Jack Hughes.
18:13 of 3rd period - Shot Blocked by Travis Dermott.
18:15 of 3rd period - Snap shot by Scott Mayfield.
18:15 of 3rd period - Stopped by Petr Mrazek with a rebound.
18:17 of 3rd period - Snap shot by Trevor Lewis.
18:17 of 3rd period - Stopped by Petr Mrazek with a rebound.
18:47 of 3rd period - Snap shot by Jordan Staal.
18:47 of 3rd period - Shot Blocked by Hampus Lindholm.
19:03 of 3rd period - Tom Wilson is hit by Logan Couture and loses puck.
19:06 of 3rd period - Maple Leafs, Petr Mrazek is pulled from the net.
19:08 of 3rd period - Wrist shot by Mike Hoffman.
19:08 of 3rd period - Shot Misses the Net.
19:10 of 3rd period - Slapshot by Ben Hutton.
19:10 of 3rd period - Stopped by Jacob Markstrom with a rebound.
19:22 of 3rd period - Snap shot by Mike Hoffman.
19:22 of 3rd period - Deflect By Elias Lindholm.
19:22 of 3rd period - Stopped by Jacob Markstrom with a rebound.
19:24 of 3rd period - Snap shot by Mike Hoffman.
19:24 of 3rd period - Stopped by Jacob Markstrom without a rebound.
19:25 of 3rd period - Charlie Huddy call a timeout for Maple Leafs.
19:25 of 3rd period - Elias Lindholm wins face-off versus Logan Couture in Ducks zone.
19:49 of 3rd period - Hampus Lindholm is hit by Alexander Edler and loses puck.
Goals for this period are 0 for Maple Leafs vs 0 for Ducks.
Shots for this period are 19 for Maple Leafs vs 19 for Ducks.